Unix NetHack Version 3.7.0-62 Work-in-progress - last build Sep 11 2022 12:50:24 (50a4e0875b74f16bdbec0d79e29a59bb940978ed,branch:master). Game began 2022-08-26 14:37:27, ended 2022-09-13 17:07:40. rootkit, neutral male human Archeologist ....[..................(..[................................................. ...[[..[.....).........^.......^......................^...........%......... ...<...[..............%.-------------------------------....................O .........*..............|....|.-........%....*.. |.........%........... ........................|.@..|.|.-------------|- |^.................... %.......................|....|.|.| |.........||| |..................... ........................|....|.|.| |.........|.| |..........).......... ........................|---||.|.| |..---%...|.---- |..................... ........................|....|.|.| --- |....|..... |..................... ........................|._..-.|^| |--|-----|--- |^.................... ........................|....|.|.| ---- |....|......| |..................... ....................*...|---||.|.| |..---....-......| |..................... ........................|....|.|.| |.........|......| |.................S... ........................|....|.|.| |.........|......| |................[.... ........................|._..|.|.- ------------------ |..................... ........................|....|.+.. |.....^..%.)..[....... ........................-------------------------------..................... ................^.......^.................................^................. ............................%......................^........................ .............................%.......^...................................... Rootkit the Excavator St:18/01 Dx:16 Co:18 In:18 Wi:18 Ch:15 Neutral S:153742 Home 3 $:151 HP:135(135) Pw:130(130) AC:-8 Xp:14/83181 T:20165 Burdened Latest messages: What do you want to use or apply? [bghkszABDQRZ or ?*] b E - a +0 silver saber (weapon in hand). You hit John's ghost! You hit John's ghost! You hit John's ghost! You hit John's ghost! You destroy John's ghost! Where do you want to be teleported? (For instructions type a '?') What do you want to use or apply? [bghkszABDQRZ or ?*] b You have a little trouble removing L - an uncursed scroll of enchant armor. What do you want to use or apply? [bghkszABDQRZ or ?*] b You have a little trouble removing C - a potion of holy water. What do you want to dip? [a-cghkpsx-zA-FHJL-NQRZ or ?*] ? What do you want to dip an uncursed scroll of enchant armor into? [C or ?*] C Your scroll of enchant armor glows with a light blue aura. Restoring save file... Hello rootkit, the human Archeologist, welcome back to NetHack! Your movements are slowed slightly because of your load. There is an altar to Camaxtli (neutral) here. What do you want to use or apply? [bghkszABDQRZ or ?*] b What do you want to use or apply? [bghkszABDQRZ or ?*] b What do you want to use or apply? [bghkszABDQRZ or ?*] Never mind. Unix NetHack Version 3.7.0-62 Work-in-progress - last build Sep 11 2022 12:50:24 (50a4e0875b74f16bdbec0d79e29a59bb940978ed,branch:master). Really quit? [yn] (n) y Do you want your possessions identified? [ynq] (y) q Inventory: Coins $ - 151 gold pieces Amulets N - a blessed greased amulet of reflection (being worn) c - the blessed greased Eye of the Aethiopica Weapons E - a +0 silver saber (weapon in hand) Armor p - an uncursed greased rusty +2 orcish helm J - a blessed rusty +3 pair of gauntlets of power M - an uncursed +0 pair of speed boots (being worn) x - an uncursed +0 elven shield y - an uncursed greased +0 cloak of displacement (being worn) W - a blessed +2 gray dragon scale mail (being worn) Scrolls L - a blessed scroll of enchant armor Rings a - an uncursed ring of free action (on left hand) H - an uncursed ring of teleport control (on right hand) Wands B - a wand of digging (0:6) Q - a wand of fire (0:3) D - a wand of teleportation (0:4) Tools b - a blessed greased bag of holding containing 134 items Z - an uncursed sack containing 1 item z - a frost horn (0:0) R - an uncursed brass lantern k - an uncursed skeleton key s - an uncursed stethoscope A - an uncursed towel h - a blessed +0 unicorn horn Gems/Stones F - an uncursed luckstone g - an uncursed touchstone Contents of the bag of holding: 8365 gold pieces an uncursed amulet of ESP an uncursed amulet of life saving a blessed +1 aklys a +1 aklys named +1 a blessed +2 bullwhip an uncursed +0 elven leather helm an uncursed +0 helm of opposite alignment an uncursed +0 pair of levitation boots an uncursed +0 small shield an uncursed +0 mummy wrapping an uncursed +0 oilskin cloak an uncursed candy bar labeled "Om-nom" 2 uncursed carrots 4 uncursed cream pies 7 uncursed food rations 3 uncursed fortune cookies 3 uncursed lembas wafers 2 uncursed pancakes 4 uncursed tripe rations a blessed tin of doppelganger meat 2 blessed tins of floating eye meat an uncursed egg an uncursed lichen corpse 3 uncursed lizard corpses 2 uncursed scrolls of earth an uncursed scroll of amnesia 3 blessed scrolls of blank paper 18 uncursed scrolls of blank paper 2 cursed scrolls of blank paper 2 uncursed scrolls of charging an uncursed scroll of confuse monster a cursed scroll of destroy armor a blessed scroll of fire an uncursed scroll of genocide an uncursed scroll of gold detection 2 uncursed scrolls of identify an uncursed scroll of light 2 uncursed scrolls of magic mapping 2 uncursed scrolls of taming a blessed scroll of teleportation 6 uncursed scrolls of teleportation 2 cursed scrolls of teleportation an uncursed spellbook of extra healing an uncursed spellbook of wizard lock an uncursed potion of booze an uncursed potion of confusion 3 uncursed potions of enlightenment an uncursed potion of gain ability an uncursed potion of gain level 2 uncursed potions of invisibility a blessed potion of object detection an uncursed potion of object detection a cursed potion of see invisible a blessed potion of speed an uncursed potion of speed a cursed potion of speed 8 potions of holy water 4 uncursed potions of water 5 potions of unholy water an uncursed ring of fire resistance an uncursed ring of fire resistance an uncursed ring of free action an uncursed +1 ring of gain constitution an uncursed ring of levitation an uncursed ring of levitation an uncursed ring of levitation an uncursed ring of poison resistance an uncursed ring of polymorph a cursed ring of polymorph an uncursed ring of polymorph control an uncursed ring of polymorph control a blessed +1 ring of protection an uncursed +1 ring of protection an uncursed ring of regeneration an uncursed ring of searching an uncursed ring of slow digestion an uncursed ring of slow digestion a blessed wand of create monster (0:11) a wand of create monster (0:10) a wand of light (0:14) a wand of lightning (0:6) a wand of locking (0:6) a blessed wand of magic missile (0:4) a wand of magic missile (0:7) a wand of magic missile (0:6) a wand of magic missile (0:2) a wand of magic missile (0:2) a wand of magic missile (0:6) a blessed wand of polymorph (0:5) a wand of probing (0:8) a wand of probing (0:8) a wand of probing (0:4) a wand of secret door detection (0:12) a wand of sleep (0:4) a wand of slow monster (0:6) a wand of speed monster (0:6) a wand of striking (0:5) a wand of striking (0:4) a wand of striking (0:3) a wand of striking (0:1) a wand of teleportation (0:7) a wand of teleportation (0:4) a wand of undead turning (0:7) a wand of wishing (0:2) an uncursed bugle an uncursed oil lamp named out an uncursed blindfold a can of grease (0:16) an uncursed figurine of a lizard an uncursed leash a magic marker (0:49) an uncursed mirror a blessed +0 pick-axe 3 uncursed tallow candles an uncursed tin whistle an uncursed tin whistle a blessed tinning kit (0:65) a blessed wax candle 10 uncursed wax candles 2 uncursed amethyst stones an uncursed black opal 2 uncursed chrysoberyl stones an uncursed citrine stone an uncursed diamond an uncursed dilithium crystal 4 uncursed emeralds an uncursed jacinth stone 2 uncursed jade stones 3 uncursed obsidian stones an uncursed opal 2 uncursed rubies 4 uncursed sapphires 2 uncursed topaz stones Contents of the sack: a wand of cancellation (0:1) Rootkit the Archeologist's attributes: Background: You were an Excavator, a level 14 male human Archeologist. You were neutral, on a mission for Camaxtli who was opposed by Quetzalcoatl (lawful) and Huhetotl (chaotic). You were in the Quest, on level 3. You entered the dungeon 20165 turns ago. You had 83181 experience points, 76819 more were needed to attain level 15. Your score was 153742 before end-of-game adjustments. Basics: You had all 135 hit points. You had all 130 energy points (spell power). Your armor class was -8. Your wallet contained 151 zorkmids. Autopickup was off. Final Characteristics: Your strength was 18/01 (limit:18/100). Your dexterity was 16 (limit:18). Your constitution was 18 (limit:18). Your intelligence was 18 (limit:18). Your wisdom was 18 (limit:18). Your charisma was 15 (limit:18). Final Status: You were not hungry. You were burdened; movement was slightly slowed. You were wielding a saber. You were skilled in saber. Final Attributes: You were piously aligned. You were magic-protected. You were fire resistant. You were cold resistant. You were sleep resistant. You were poison resistant. You saw invisible. You were telepathic. You had automatic searching. You were displaced. You were stealthy. You could teleport. You had teleport control. You had a small defense bonus (+5). You were warded. You took half spell damage. You were very fast. You had reflection. You had free action. You were extremely lucky. You had extra luck. Bad luck did not time out for you. Good luck did not time out for you. You survived. Miscellaneous: You never encountered a bones level. Total elapsed playing time was 11 hours and 44 seconds. Major events: Turn 1: rootkit the neutral male human Archeologist entered the dungeon 2355: attained the rank of Field Worker (level 3) 4312: entered the Gnomish Mines 4477: attained the rank of Investigator (level 6) 5111: made his first wish - "2 blessed greased fixed partly eaten scrolls of charging", got "a greased scroll labeled LOREM IPSUM" 5884: entered Sokoban 5909: wished for "blessed greased fixed amulet of reflection", got "a greased pyramidal amulet" 6131: completed sokoban 1 6182: wished for "blessed greased fixed +2 gray dragon scale mail", got "a greased gray dragon scale mail" 6486: completed sokoban 2 6775: completed sokoban 3 7350: completed sokoban 4 7405: acquired the Sokoban bag of holding 8145: reached Mine Town 8941: acquired the Mines' End luckstone 10790: entered the Bigroom 11666: attained the rank of Exhumer (level 10) 11969: wished for "blessed greased fixed wand of polymorph", got "a greased runed wand" 17585: killed Medusa 18278: wished for "blessed greased fixed spellbook of identify", got "a greased violet spellbook" 18806: made his first artifact wish - "the blessed greased fixed Eye of the Aethiopica", got "a greased amulet of ESP named the Eye of the Aethiopica" 19284: attained the rank of Excavator (level 14) 19346: found Ogresmasher on the floor 20165: quit Vanquished creatures: Medusa a silver dragon a green dragon a minotaur a baluchitherium 2 titanotheres a trapper a genetic engineer a disenchanter 3 liches 2 nurses a lurker above an Aleax a frost giant 2 golden nagas 2 black puddings 2 lieutenants 2 ghosts a mind flayer 4 giant mimics 2 zruties a fire giant an ogre tyrant a rock troll 2 umber hulks 2 elven monarchs a doppelganger 2 large mimics a couatl a fire elemental a water elemental a giant mummy 2 xorns a giant zombie 4 elf-nobles 4 sergeants 3 wargs 3 small mimics a glass piercer 3 warhorses a steam vortex an ettin mummy 3 ogre leaders a quantum mechanic 4 trolls a sasquatch a wood golem a shark 3 gelatinous cubes a pyrolisk 2 freezing spheres a flaming sphere a large cat a gargoyle a dwarf ruler 5 tengu a leocrotta 2 mountain centaurs 11 human mummies 2 red nagas 5 pythons 2 pit vipers a cobra a carnivorous ape 2 leather golems 5 Grey-elves 34 soldiers 4 amorous demons 2 chameleons a crocodile 2 giant beetles a quivering blob 5 cockatrices 2 wolves 2 lynxes 2 panthers 2 orc-captains 3 iron piercers 2 mumakil 3 giant spiders a scorpion a horse an ice vortex 2 black lights 2 vampire bats 6 gnome rulers an orc mummy a dwarf mummy a brown pudding 3 rust monsters an owlbear 3 yetis a gold golem a werewolf a Green-elf a giant eel 4 lizards a housecat 2 jaguars a dwarf leader 2 blue jellies a gray unicorn a raven 2 gnome mummies 19 snakes an ape 3 human zombies a rope golem 2 Woodland-elves a soldier ant 8 fire ants 23 bugbears an imp 2 quasits 2 wood nymphs 2 water nymphs a mountain nymph 3 Mordor orcs 14 Uruk-hai 2 orc shamans 4 rock piercers 3 rock moles 2 ponies 2 fog clouds 2 yellow lights a shrieker a violet fungus 12 gnome leaders 8 gnomish wizards a Kop Lieutenant 2 kobold mummies a golden naga hatchling 3 barrow wights 2 elf zombies a straw golem a paper golem 16 giant ants 2 little dogs 7 floating eyes 20 dwarves 6 homunculi a kobold leader 2 kobold shamans 28 hill orcs 16 rothes 3 rabid rats 2 centipedes a giant bat a monkey 3 dwarf zombies 2 wererats a werejackal 8 iguanas 8 killer bees 2 acid blobs a coyote 6 hobbits 13 hobgoblins 8 giant rats a brown mold 2 yellow molds 3 red molds 60 gnomes 17 garter snakes a gnome zombie 9 geckos 24 jackals a fox 3 kobolds 7 goblins 6 sewer rats 7 grid bugs 3 bats 8 lichens 3 kobold zombies 19 newts 696 creatures vanquished. No species were genocided or became extinct. Voluntary challenges: You read items or engraved 49 times. You never engraved Elbereth. You never genocided any monsters. You never polymorphed an object. You used 6 wishes (1 for an artifact). You did not violate any of the special Sokoban rules. Achievements: You entered a shop. You attained the rank of Field Worker. You entered the Gnomish Mines. You attained the rank of Investigator. You entered Sokoban. You completed Sokoban. You entered Minetown. You entered a temple. You completed the Gnomish Mines. You entered the Big Room. You attained the rank of Exhumer. You defeated Medusa. You learned the tune to open and close the Castle's drawbridge. You attained the rank of Excavator. The Dungeons of Doom: levels 1 to 28 Level 1: A fountain. Level 2: A general store, an altar to Camaxtli. Level 3: A general store. Level 4: Stairs down to The Gnomish Mines. Level 5: Many fountains. Oracle of Delphi. Level 6: An armor shop, some fountains, a grave. Stairs up to Sokoban, level 5. Level 7: A fountain. Level 8: A delicatessen. Level 9: An altar. Level 10: Some fountains. A very big room. Level 11: Level 12: An altar. Summoned by Lord Carnarvon. Portal to The Quest. Level 13: Level 14: An armor shop, an altar, a fountain. Level 15: A fountain, a sink. Level 16: Some sinks. Level 17: A primitive area. Level 18: Level 19: A fountain. Level 20: A throne. Level 21: A fountain. Level 22: A fountain. Level 23: "[oR" Level 24: A fountain. Level 25: Level 26: Level 27: Level 28: A throne, a fountain. The castle (play notes "EGDGD" to open or close drawbridge). The Gnomish Mines: levels 5 to 12 Level 5: Level 6: Level 7: Level 8: Many shops, a temple, some fountains. Level 9: Level 10: Level 11: Level 12: The Quest: levels 1 to 3 Level 1: A throne. Given quest by Lord Carnarvon. Level 2: Level 3: "* ICE BOX *" <- You were here. Many temples. Sokoban: levels 5 up to 2 Level 2: Solved. Level 3: Solved. Level 4: Solved. Level 5: Solved. Goodbye rootkit the Archeologist... You quit in The Quest on dungeon level 3 with 153742 points, and 8516 pieces of gold, after 20165 moves. You were level 14 with a maximum of 135 hit points when you quit.